 Dungeon Crawl Stone Soup version 0.19.0-2-gae57169 (webtiles) character file.

80 Patchouli the Charmwright (level 4, -6/29 HPs)
             Began as a High Elf Skald on Nov 3, 2016.
             Mangled by Menkaure (16 damage)
             ... on level 4 of the Dungeon.
             The game lasted 00:09:45 (1054 turns).

Patchouli the Charmwright (High Elf Skald)          Turns: 1054, Time: 00:09:45

Health: -6/29      AC:  6    Str: 11    XL:     4   Next: 18%
Magic:  7/9        EV: 10    Int: 17    God:
Gold:   104        SH:  0    Dex: 14    Spells: 3 memorised, 2 levels left

rFire  . . .     SeeInvis .     a - +1 falchion
rCold  . . .     Gourm    .     g - +1 ring mail
rNeg   . . .     Faith    .     (no shield)
rPois  .         Spirit   .     (no helmet)
rElec  .         Reflect  .     (no cloak)
rCorr  .         Harm     .     (no gloves)
MR     .....                    (no boots)
Stlth  +.........               (no amulet)
                                (no ring)
                                (no ring)

@: no status effects
A: no striking features
a: no special abilities


You were on level 4 of the Dungeon.
You were not hungry.

You visited 1 branch of the dungeon, and saw 4 of its levels.

You collected 104 gold pieces.

Inventory:

Hand Weapons
 a - a +1 falchion (weapon)
Missiles
 o - 16 poisoned needles
Armour
 b - a +0 leather armour
 g - a +1 ring mail (worn)
Jewellery
 h - an uncursed amulet of magic regeneration
 q - a cursed ring of teleportation {unknown}
Scrolls
 f - a scroll of immolation {unknown}
 i - 2 scrolls of recharging
 j - 4 scrolls of identify {unknown}
 r - a scroll of blinking
 s - a scroll of amnesia {unknown}
 t - 2 scrolls of enchant weapon
Potions
 e - a potion of flight {unknown}
 k - a potion of mutation {unknown}
 p - a potion of brilliance {unknown}
 u - a potion of cure mutation {unknown}
Books
 c - a book of Battle

   Spells                             Type                      Level
   a - Infusion                       Charms                       1
   b - Shroud of Golubria             Charms/Translocation         2
   c - Song of Slaying                Charms                       2
   d - Spectral Weapon                Hexes/Charms                 3
   e - Regeneration                   Charms/Necromancy            3
Comestibles
 d - 2 bread rations
 l - a royal jelly
 m - 2 slices of pizza
 n - a chunk of flesh


   Skills:
 - Level 2.0 Fighting
 - Level 3.0 Long Blades
 * Level 2.1 Armour
 - Level 1.3 Dodging
 * Level 2.9 Spellcasting
 - Level 4.0 Charms
 * Level 0.8 Necromancy
 * Level 0.7 Translocations


You had 2 spell levels left.
You knew the following spells:

 Your Spells              Type           Power        Failure   Level  Hunger
a - Infusion              Chrm           ###.         10%         1    None
b - Shroud of Golubria    Chrm/Tloc      ##........   24%         2    ##.....
r - Regeneration          Chrm/Necr      ##........   50%         3    ###....


Dungeon Overview and Level Annotations

Branches:
Dungeon (4/15)
 Temple: D:4-7

Altars:
Qazlal

Annotations:
D:3 Grim's ghost, amateur DEEE
D:4 Menkaure


Message History

Found a bubbling purple potion.
u - a bubbling purple potion Menkaure, Prince of Dust comes into view.
Menkaure shouts!
You hear an angry hiss.
Menkaure casts a spell.
Menkaure seems to speed up.
Casting: Shroud of Golubria
Confirm with . or Enter, or press ? or * to list all spells.
Space distorts slightly along a thin shroud covering your body.
Menkaure hits you but does no damage.
You hit Menkaure but do no damage. Menkaure closely misses you.
Menkaure hits you.
Your shroud falls apart!
A frilled lizard comes into view.
You barely miss Menkaure. Menkaure hits you!
You hit Menkaure.
Menkaure is moderately damaged.
Menkaure barely misses you. Menkaure hits you!
Ouch! That really hurt!
You die...

### #.. ## #.# .## #.#
.. #.# .# #.###.####..#
.####### #.....@Ml...#
.......########.####.##
.#####..........# .#
############ <# .# ..
###


You could see Menkaure and a frilled lizard.

Vanquished Creatures
  3 adders
  A shadow imp (D:3)
  A worm (D:3)
  3 dart slugs
  2 bats
  2 giant cockroaches
  2 goblins (D:3)
  7 hobgoblins
  A quokka (D:3)
  7 frilled lizards
  6 kobolds
  4 rats
39 creatures vanquished.

Notes
Turn   | Place    | Note
-------+----------+-------------------------------------------
     0 | D:1      | Patchouli the High Elf Skald began the quest for the Orb.
     0 | D:1      | Reached XP level 1. HP: 14/14 MP: 4/4
    40 | D:1      | Reached skill level 1 in Armour
   167 | D:1      | Reached XP level 2. HP: 6/19 MP: 1/6
   171 | D:1      | Learned a level 2 spell: Shroud of Golubria
   358 | D:1      | Reached XP level 3. HP: 6/24 MP: 4/7
   363 | D:1      | Learned a level 3 spell: Regeneration
   420 | D:3      | Found a stormy altar of Qazlal.
   420 | D:3      | Noticed Grim's ghost (amateur DEEE)
   421 | D:3      | Noticed a shadow
   421 | D:3      | Noticed a shadow
   567 | D:2      | Found a faded altar of an unknown god.
   809 | D:3      | Reached XP level 4. HP: 22/29 MP: 4/9
   957 | D:3      | Reached skill level 4 in Charms
  1049 | D:4      | Noticed Menkaure
  1054 | D:4      | Mangled by Menkaure

Skill      XL: |  1  2  3  4 |
---------------+-------------+-----
Armour         | 1 2 |  2.1
Long Blades    | 3 |  3.0
Charms         | 4 |  4.0
Fighting       | |  2.0
Dodging        | |  1.3
Spellcasting   | |  2.9
Necromancy     | |  0.8
Translocations | |  0.7

Action                   |  1- 3 |  4- 6 || total
-------------------------+-------+-------++-------
Melee: Falchion          |    89 |    22 ||   111
 Cast: Infusion          |     3 |       ||     3
       Shroud of Golubri |    10 |     5 ||    15
       Regeneration      |     3 |     2 ||     5
  Use: Potion            |     2 |       ||     2
       Scroll            |     6 |       ||     6
  Eat: Chunk             |     1 |     2 ||     3
Armor: Leather armour    |     5 |       ||     5
       Ring mail         |    31 |     5 ||    36
Dodge: Dodged            |    49 |    11 ||    60
       Rpst.: Falchion   |    19 |     3 ||    22
